 Dungeon Crawl Stone Soup version 0.28-a0-683-ga8797d1ae1 (webtiles) character file.

Game seed: 15220182188604837885

88 KoroneIsBestGirl the Shield-Bearer (level 4, -2/37 HPs)
             Began as a Formicid Fighter on Oct 18, 2021.
             Was a Follower of Nemelex Xobeh.
             Slain by a rat (3 damage)
             ... summoned by Eustachio
             ... on level 4 of the Dungeon.
             The game lasted 00:01:33 (1363 turns).

KoroneIsBestGirl the Shield-Bearer (FoFi)           Turns: 1363, Time: 00:01:35

Health: -2/37      AC:  8    Str: 21    XL:     4   Next: 81%
Magic:  4/4        EV:  9    Int:  8    God:    Nemelex Xobeh [*.....]
Gold:   24         SH:  4    Dex: 10    Spells: 3/3 levels left

rFire   + . .      SeeInvis +   a - +0 long sword
rCold   x . .      Faith    .   c - +0 buckler
rNeg    . . .      Spirit   .   b - +0 scale mail
rPois   .          Reflect  .   (helmet unavailable)
rElec   .          Harm     .   (no cloak)
rCorr   .          Rampage  .   (no gloves)
Will    .....                   l - +0 pair of boots
Stlth   ..........              (no amulet)
HPRegen 0.12/turn               g - ring of fire
MPRegen 0.09/turn               (no ring)

@: mighty
A: permanent stasis, dig shafts and tunnels, antennae 3, four strong arms
a: Dig, Shaft Self, Renounce Religion, Draw Escape, Draw Destruction, Draw
Summoning


You were on level 4 of the Dungeon.
You worshipped Nemelex Xobeh.
Nemelex Xobeh was aware of your devotion.
You visited 1 branch of the dungeon, and saw 3 of its levels.

You collected 24 gold pieces.

Inventory:

Hand Weapons
 a - a +0 long sword (weapon)
Armour
 b - a +0 scale mail (worn)
 c - a +0 buckler (worn)
 l - a +0 pair of boots (worn)
Jewellery
 g - a ring of fire (left hand)
 i - a ring of ice
 m - a ring of positive energy
Scrolls
 e - a scroll of amnesia {unknown}
 f - a scroll of fear {unknown}
 j - a scroll of magic mapping {unknown}
 o - a scroll of identify {unknown}
Potions
 h - 2 potions of heal wounds {unknown}
 k - a potion of haste {unknown}
 n - a potion of lignification {unknown}


   Skills:
 + Level 4.0 Fighting
 + Level 2.8 Long Blades
 + Level 4.0 Armour
 + Level 4.4 Shields


You had 3 spell levels left.
You didn't know any spells.
Your spell library was empty.

Dungeon Overview and Level Annotations

Branches:
Dungeon (2/15)

Altars:
Nemelex Xobeh

Annotations:
D:4 Blork the orc, Eustachio


Innate Abilities, Weirdness & Mutations

You cannot be hasted, slowed, berserked, paralysed or teleported.
You can dig through walls and to a lower floor.
You have a pair of large antennae on your head. (SInv)
Your four strong arms can wield two-handed weapons with a shield.


Message History

Blork the orc closely misses you.
The quokka bites you but does no damage.
The ufetubus hits you but does no damage.
You block the ufetubus's attack. The goblin barely misses you.
Blork the orc hits you with a +0 long sword!
* * * LOW HITPOINT WARNING * * *
You completely miss Blork the orc.
Blork the orc is severely wounded.
The ufetubus hits you but does no damage.
You block the ufetubus's attack. The quokka closely misses you.
Blork the orc hits you but does no damage.
The ufetubus hits you but does no damage.
The ufetubus barely misses you. You block the goblin's attack.
The quokka bites you but does no damage.
You closely miss Blork the orc.
Blork the orc is severely wounded.
Blork the orc hits you with a +0 long sword.
* * * LOW HITPOINT WARNING * * *
The ufetubus hits you but does no damage. x2
Eustachio mumbles some strange words.
The quokka bites you but does no damage.
Blork the orc hits you but does no damage.
The goblin hits you but does no damage. The ufetubus barely misses you.
The ufetubus hits you but does no damage.
Eustachio hits you with a +0 rapier.
* * * LOW HITPOINT WARNING * * *
You barely miss Blork the orc.
Blork the orc is severely wounded.
The bat disappears in a puff of smoke!
You block Blork the orc's attack. The ufetubus hits you.
* * * LOW HITPOINT WARNING * * *
The ufetubus barely misses you.
The quokka bites you but does no damage.
The goblin hits you but does no damage. Blork the orc closely misses you.
You block the ufetubus's attack. The ufetubus barely misses you.
The quokka closely misses you.
Eustachio mumbles some strange words.
The rat bites you.
You die...
Your body glows slightly and disappears.

................# ....##
........##......##......
.......# #.......#......
... ... ##......#......
#.. #............. ..
#............. #
.#....5....#...
........rr..#...
.......g@@......
...##...5or.!....
...#....#r5ยง.....
#.............
..............#
......##....... ......
....... ...... .......


You could see Eustachio, Blork the orc (fast), a quasit (summoned), a white imp
(summoned), an ufetubus (summoned), 2 quokkas, a goblin and 2 rats.

Vanquished Creatures
  A water moccasin skeleton (D:4)
  An iguana (D:4)
  An endoplasm (D:1)
  4 hobgoblins (D:1)
  A kobold (D:1)
  A ball python (D:1)
  3 bats (D:1)
  2 frilled lizards (D:1)
  A rat (D:2)
15 creatures vanquished.

Notes
Turn   | Place    | Note
-------+----------+-------------------------------------------
     0 | D:1      | KoroneIsBestGirl the Formicid Fighter began the quest for
                  | the Orb.
     0 | D:1      | Reached XP level 1. HP: 18/18 MP: 1/1
   464 | D:1      | Reached XP level 2. HP: 17/24 MP: 2/2
   748 | D:1      | Found a faded altar of an unknown god.
   755 | D:1      | Prayed at the altar of an unknown god.
   755 | D:1      | Became a worshipper of Nemelex Xobeh the Trickster
   755 | D:1      | Reached * piety under Nemelex Xobeh
   825 | D:1      | Received a gift from Nemelex Xobeh
  1114 | D:2      | You fall into a shaft and drop 2 floors!
  1137 | D:4      | Reached XP level 3. HP: 20/30 MP: 3/3
  1137 | D:4      | Reached XP level 4. HP: 24/37 MP: 4/4
  1348 | D:4      | Noticed Blork the orc
  1351 | D:4      | Noticed Eustachio
  1363 | D:4      | HP: 1/37 [ufetubus[Eustachio] (1)]
  1363 | D:4      | Slain by a rat

Illustrated notes

Levels and vault maps discovered:
D:1:      evilmike_arrival_crescent, layout_basic,
          dreamdust_ecumenical_altar_hidden_monk_grotto,
          amcnicky_mini_corridor_feature
D:2:      layout_loops_corners, minmay_snake_closets, uniq_jessica
D:4:      layout_basic, kennysheep_generic_room_7, uniq_eustachio,
          uniq_blork_the_orc

Skill      XL: |  1  2  3  4 |
---------------+-------------+-----
Shields        | 4 |  4.4
Fighting       | 4 |  4.0
Armour         | 4 |  4.0
Long Blades    | |  2.8

Action                   |  1- 3 |  4- 6 || total
-------------------------+-------+-------++-------
Melee: Long sword        |    54 |    16 ||    70
  Use: Potion            |       |     1 ||     1
Armor: Scale mail        |    23 |    27 ||    50
Dodge: Dodged            |    20 |    23 ||    43
Block: Buckler           |     8 |    12 ||    20

Table legend: (Time is in decaauts)
 A = Elapsed time spent in this place.
 B = Non-inter-level travel time spent in this place.
 C = Inter-level travel time spent in this place.
 D = Time resting spent in this place.
 E = Time spent auto-exploring this place.
 F = Levels seen in this place.
 G = Mean time per level.
                   A        B        C        D        E       F      G
               +--------+--------+--------+--------+--------+-----+--------+
         Total |   1381 |   1366 |     15 |      0 |   1194 |   3 |  460.3 |
       Dungeon |   1381 |   1366 |     15 |      0 |   1194 |   3 |  460.3 |
               +--------+--------+--------+--------+--------+-----+--------+

Top non-repeatable levels by time:
     D:1: 988 daAuts
     D:4: 256 daAuts
     D:2: 137 daAuts
